 Dungeon Crawl Stone Soup version 0.21-a0-91-ga5031da (webtiles) character file.

428 Ijustatesigmund the Skirmisher (level 6, -6/72 HPs)
             Began as an Ogre Fighter on June 30, 2017.
             Mangled by an orc warrior
             ... wielding a +0 short sword
              (11 damage)
             ... on level 4 of the Dungeon.
             The game lasted 00:05:30 (3315 turns).

Ijustatesigmund the Skirmisher (Ogre Fighter)       Turns: 3315, Time: 00:05:30

Health: -6/72      AC:  4    Str: 21    XL:     6   Next: 98%
Magic:  6/6        EV:  8    Int:  9    God:
Gold:   216        SH:  8    Dex: 10    Spells: 5/5 levels left

rFire    + . .     SeeInvis .   a - +0 trident
rCold    . . .     Gourm    .   c - +0 shield
rNeg     . . .     Faith    .   b - +0 robe
rPois    .         Spirit   .   (helmet restricted)
rElec    .         Reflect  .   q - +0 cloak
rCorr    .         Harm     .   (gloves unavailable)
MR       .....                  (boots unavailable)
Stlth    ++........             (no amulet)
HPRegen  0.22/turn              o - ring of protection from fire
MPRegen  0.10/turn              r - ring of stealth

@: no status effects
A: unfitting armour, tough skin 1
a: no special abilities


You were on level 4 of the Dungeon.
You were not hungry.

You visited 1 branch of the dungeon, and saw 4 of its levels.

You collected 216 gold pieces.

Inventory:

Hand Weapons
 a - a +0 trident (weapon)
Armour
 b - a +0 robe (worn)
 c - a +0 shield (worn)
 q - a +0 cloak (worn)
Jewellery
 o - a ring of protection from fire (left hand)
 r - a ring of stealth (right hand)
Wands
 n - a wand of paralysis (5/24)
Scrolls
 e - a scroll of recharging
 g - 2 scrolls of fear
 s - a scroll of teleportation
Potions
 d - a potion of might
 i - 3 potions of lignification
 k - a potion of curing
 l - a potion of agility
Comestibles
 f - 3 bread rations
 j - 3 royal jellies
 m - 3 meat rations


   Skills:
 + Level 7.6 Fighting
 + Level 5.2 Polearms
 - Level 2.6 Dodging
 - Level 2.6 Shields


You had 5 spell levels left.
You didn't know any spells.

Dungeon Overview and Level Annotations

Branches:
Dungeon (4/15)
 Temple: D:4-7

Altars:
Dithmenos
Elyvilon
Gozag
Kikubaaqudgha
Yredelemnul
The Shining One


Innate Abilities, Weirdness & Mutations

You are too large for most types of armour.
You have tough skin. (AC +1)


Message History

The orc warrior is severely wounded.
The orc warrior hits you with a short sword!
* * * LOW HITPOINT WARNING * * *
You feel much better.
The orc warrior hits you with a short sword!!
* * * LOW HITPOINT WARNING * * *
You hit the orc warrior but do no damage.
The orc warrior is severely wounded.
The orc warrior hits you with a short sword.
* * * LOW HITPOINT WARNING * * *
The orc wizard casts a spell.
The orc wizard blinks!
You barely miss the orc warrior.
The orc warrior is severely wounded.
The orc warrior hits you with a short sword!
* * * LOW HITPOINT WARNING * * *
You puncture the orc warrior!
The orc warrior is almost dead.
The orc warrior hits you with a short sword!
You die...

.. ##+# #.# #...#
#.# .....# #.#
......# ##.##
#..o......####...##
+o........§o@.....#
.........####...##
.......# ##.######
.....# #......#
#...# #..###.# ##'#
#..).#.# #.#
##.#.#.# #.#
#.....# ###
##.############.###


You could see an orc warrior.

Vanquished Creatures
  An ogre (D:4)
  A scorpion (D:3)
  An orc priest (D:3)
  An orc wizard (D:3)
  A centaur skeleton (D:4)
  Ijyb (D:3)
  2 worker ants (D:4)
  3 adders (D:2)
  2 adder skeletons (D:4)
  A worm (D:3)
  2 dart slugs
  4 leopard geckos
  9 orcs
  A ball python (D:1)
  5 giant cockroaches
  6 goblins
  5 hobgoblins
  9 jackals
  7 kobolds
  5 quokkas
  4 bats
  6 frilled lizards
  15 rats
92 creatures vanquished.

Notes
Turn   | Place    | Note
-------+----------+-------------------------------------------
     0 | D:1      | Ijustatesigmund the Ogre Fighter began the quest for the Orb.
     0 | D:1      | Reached XP level 1. HP: 24/24 MP: 1/1
   100 | D:1      | Reached XP level 2. HP: 31/33 MP: 2/2
   698 | D:2      | Reached XP level 3. HP: 12/41 MP: 3/3
   952 | D:2      | Found a white marble altar of Elyvilon.
   955 | D:2      | Reached skill level 5 in Fighting
   976 | D:2      | Found a shadowy altar of Dithmenos.
   976 | D:2      | Found an opulent altar of Gozag.
   977 | D:2      | Found an ancient bone altar of Kikubaaqudgha.
  1120 | D:2      | Reached XP level 4. HP: 34/50 MP: 4/4
  1796 | D:3      | Found a glowing golden altar of the Shining One.
  1928 | D:3      | Reached skill level 6 in Fighting
  1928 | D:3      | Reached XP level 5. HP: 27/59 MP: 5/5
  2430 | D:3      | Reached XP level 6. HP: 46/68 MP: 6/6
  2554 | D:3      | Noticed Ijyb
  2566 | D:3      | Killed Ijyb
  2574 | D:3      | Found a basalt altar of Yredelemnul.
  2685 | D:3      | Found a glowing golden altar of the Shining One.
  2963 | D:4      | Reached skill level 7 in Fighting
  3273 | D:4      | Reached skill level 5 in Polearms
  3282 | D:4      | Noticed an orc warrior
  3315 | D:4      | Mangled by an orc warrior

Vault maps used:
D:1:      dpeg_arrival_erosion
D:2:      grunt_temple_overflow_open
D:3:      old_standard_altar, old_standard_altar, first_bread, tso_altar,
          uniq_ijyb

Skill      XL: |  1  2  3  4  5  6 |
---------------+-------------------+-----
Fighting       | 5 6 7 |  7.6
Polearms       | 3 4 5 |  5.2
Dodging        | |  2.6
Shields        | |  2.6

Action                   |  1- 3 |  4- 6 || total
-------------------------+-------+-------++-------
Melee: Trident           |   135 |   238 ||   373
Evoke: Wand              |       |     2 ||     2
  Use: Scroll            |       |     6 ||     6
       Potion            |       |     5 ||     5
 Stab: Sleeping          |       |     8 ||     8
       Paralysed         |       |    11 ||    11
  Eat: Chunk             |       |     8 ||     8
Armor: Robe              |    34 |    47 ||    81
       Skin              |       |    11 ||    11
Dodge: Dodged            |    57 |    66 ||   123
Block: Shield            |    49 |    96 ||   145
